AoeStats
← TKDanis

Arabia

510727845Analyzed
2v2 RM · 13h ago on Oct 2, 2026· 16m 40s· 4 players
Game mode
Random Map
Map size
Medium (4 player)
Population
200
Speed
Normal
Resources
Standard
Victory
Conquest
Starting age
Dark Age
Ending age
Imperial Age
RankedLock teamsTeams togetherTeam positionsShared explorationLock speedFull tech treeHidden civsTurbo modeCheats
Victory
Defeat
🇨🇳 Gurjaras · China
1038
+11
🇨🇳 Armenians · China
1011
+12
🇮🇹 Magyars · Italy
943
-12
🇮🇹 Spanish · Italy
908
-11
TKDanis
7:20 Loom
10:07 Feudal Age
10:08 Man-at-Arms
11:34 Long Swordsman
14:53 Double-Bit Axe
15:16 Horse Collar
17:05 Arson
酥凉
12:35 Feudal Age
16:55 Castle Age
15:22 Forging
14:59 Horse Collar
15:21 Double-Bit Axe
16:18 Scale Barding Armor
17:04 Loom
Bov
7:50 Loom
10:11 Feudal Age
10:59 Double-Bit Axe
11:57 Horse Collar
MORPHEUS
8:24 Loom
11:13 Feudal Age
Connection lost

Rejoining the realm…

Still unreachable

The connection could not be restored.

Session expired

The server has moved on; the page needs a fresh start.